Workbook

Sheet Suivi tournoi fin de saison
A1: Nom | B1: Participe O/N | C1: Nb de voyageurs par famille | D1: Adultes | E1: Nb de nuits | F1: Budget/pers. | I1: GRIMAUD | J1: LESPIGNAN
A2: PRUCHNOWSKI | B2: O | C2: 4 | D2: 2 | E2: 2 | F2: 101-150€ | I2: Sandaya Riviera d'Azur | J2: =MIN('LESPIGNAN (34)'!$C$12,'LESPIGNAN (34)'!$D$12,'LESPIGNAN (34)'!$E$12,'LESPIGNAN (34)'!$F$12,'LESPIGNAN (34)'!$G$12) -> 394.39
A3: PAYEN | B3: N | H3: Prix le plus intéressant/famille 3 nuits | I3: =MIN('GRIMAUD (83)'!$C12,'GRIMAUD (83)'!$D12,'GRIMAUD (83)'!$E12,'GRIMAUD (83)'!$F12,'GRIMAUD (83)'!$G12) -> 0 | J3: {=INDEX('LESPIGNAN (34)'!C2:G2;EQUIV(MIN(SI('LESPIGNAN (34)'!C12:G12=0;"";'LESPIGNAN (34)'!C12:G12));'LESPIGNAN (34)'!C12:G12;0);1)}
A4: MUGUET-CHARVY | B4: O | C4: 2 | D4: 1 | E4: 2 | F4: -100 | H4: Prix le plus intéressant/famille 2 nuits | I4: =MIN('GRIMAUD (83)'!$C9,'GRIMAUD (83)'!$D9,'GRIMAUD (83)'!$E9,'GRIMAUD (83)'!$F9,'GRIMAUD (83)'!$G9) -> 0 | J4: =MIN('LESPIGNAN (34)'!$C9,'LESPIGNAN (34)'!$D9,'LESPIGNAN (34)'!$E9,'LESPIGNAN (34)'!$F9,'LESPIGNAN (34)'!$G9) -> 261.21
A5: MONTAIGUT | B5: O | C5: 4 | D5: 2 | E5: 2 | F5: -100
A6: DAIRE | B6: O | C6: 2 | D6: 1 | E6: 2 | F6: -100
A7: DESPLAT | B7: O | C7: 4 | D7: 2 | E7: 2 | F7: -100
A8: VIGNAL | B8: O | C8: 2 | D8: 1 | E8: 3 | F8: 101-150€ | H8: Recettes stand plateau
A9: MAS-MAURY | B9: O | C9: 2 | D9: 1 | E9: 3 | F9: 151-200€ | H9: 45584 | I9: 45598
A10: FINES | B10: O | C10: 5 | D10: 2 | E10: 2 | F10: -100 | H10: 103
A11: DJEDDI | B11: N | H11: Recettes total | I11: =H10+I10+J10 -> 103
A12: DELMAS | B12: O | C12: 4 | D12: 2 | E12: 2 | F12: 151-200€
A13: PAILLOT | B13: O | C13: 3 | D13: 2 | E13: 2 | F13: 101-150€
A14: MAUSSERVEY | B14: O | C14: 4 | D14: 2 | E14: 2 | F14: -100
A15: LERO | B15: O | C15: 3 | D15: 2 | E15: 2 | F15: -100
A16: LABEYRIE | B16: O | C16: 4 | D16: 2 | E16: 2 | F16: -100
A17: LEMOINE | B17: O | C17: 4 | D17: 2 | E17: 3 | F17: 151-200€
A18: MANSOURI | B18: O | C18: 4 | D18: 2 | E18: 3 | F18: -100
A19: BEHIN-ROELAND | B19: O | C19: 3 | D19: 2 | E19: 2 | F19: 101-150€
A20: BELABBES | B20: O | C20: 5 | D20: 2 | E20: 2 | F20: -100
A21: ORTIZ-ROCHER | B21: O | C21: 4 | D21: 2 | E21: 2 | F21: -100
A22: VANHEE | B22: O | C22: 4 | D22: 2 | E22: 2 | F22: 101-150€
A23: BERTRAND-HANNEZO | B23: N
A24: ZARCONE | B24: O | C24: 4 | D24: 2 | E24: 3 | F24: -100
A25: VAN EYCK
A26: DULEROY
A27: KOUSSOUNOU
A28: DELBOSC
A29: PY
A30: DELSAHUT
A31: BAKKA
A32: FERREIRA
A33: MOUYSSET
A35: TOTAL EFFECTIF | B35: =COUNTIF(A2:A33,"*") -> 32
A36: TOTAL RÉPONSES | B36: =COUNTIF(B2:B33,"*") -> 23
A37: ACCOMPAGNANTS TOTAL | C37: =SUM(C2:C33)-COUNTIF(B2:B33,"O") -> 51
A38: ACCOMPAGNANTS ADULTES | D38: =SUM(D2:D33) -> 36
A39: TOTAL FAMILLES PARTICIPANTES | B39: =COUNTIF(B2:B33,"O") -> 20
A40: TOTAL | B40: =SUM(C2:C33) -> 71

Sheet GRIMAUD (83)
C1: GRIMAUD
B2: Nb de mobil-home | C2: Sandaya Riviera d'Azur | D2: Les Tournels | E2: Cap Fun La Pinède
A3: Taxe de séjour
A4: Nuitée Mobil 2-3 Pers. | B4: =COUNTIF('Suivi tournoi fin de saison'!$C$1:$C$33,3)+COUNTIF('Suivi tournoi fin de saison'!$C$1:$C$33,2) -> 7
A5: Nuitée Mobil 4 Pers. | B5: =COUNTIF('Suivi tournoi fin de saison'!$C$1:$C$33,4) -> 11
A6: Nuitée Mobil 5-6 Pers. | B6: =COUNTIF('Suivi tournoi fin de saison'!$C$1:$C$33,5) -> 2
A7: Prix total 2 nuitées | C7: =($B$4*C4+$B$5*C5+$B$6*C6+C3*'Suivi tournoi fin de saison'!$D$38)*2 -> 0 | D7: =($B$4*D4+$B$5*D5+$B$6*D6+D3*'Suivi tournoi fin de saison'!$D$38)*2 -> 0 | E7: =($B$4*E4+$B$5*E5+$B$6*E6+E3*'Suivi tournoi fin de saison'!$D$38)*2 -> 0 | F7: =($B$4*F4+$B$5*F5+$B$6*F6+F3*'Suivi tournoi fin de saison'!$D$38)*2 -> 0 | G7: =($B$4*G4+$B$5*G5+$B$6*G6+G3*'Suivi tournoi fin de saison'!$D$38)*2 -> 0
A8: Prix/famille | C8: =C7/'Suivi tournoi fin de saison'!$B$39 -> 0 | D8: =D7/'Suivi tournoi fin de saison'!$B$39 -> 0 | E8: =E7/'Suivi tournoi fin de saison'!$B$39 -> 0 | F8: =F7/'Suivi tournoi fin de saison'!$B$39 -> 0 | G8: =G7/'Suivi tournoi fin de saison'!$B$39 -> 0
A9: Prix/famille (recettes plateaux déduites) | C9: =IF(ISBLANK(C3),"",(C7-'Suivi tournoi fin de saison'!$I$11)/'Suivi tournoi fin de saison'!$B$39) | D9: =IF(ISBLANK(D3),"",(D7-'Suivi tournoi fin de saison'!$I$11)/'Suivi tournoi fin de saison'!$B$39) | E9: =IF(ISBLANK(E3),"",(E7-'Suivi tournoi fin de saison'!$I$11)/'Suivi tournoi fin de saison'!$B$39) | F9: =IF(ISBLANK(F3),"",(F7-'Suivi tournoi fin de saison'!$I$11)/'Suivi tournoi fin de saison'!$B$39) | G9: =IF(ISBLANK(G3),"",(G7-'Suivi tournoi fin de saison'!$I$11)/'Suivi tournoi fin de saison'!$B$39)
A10: Prix total 3 nuitées | C10: =($B$4*C4+$B$5*C5+$B$6*C6+C3*'Suivi tournoi fin de saison'!$D$38)*3 -> 0 | D10: =($I$4*D4+$I$5*D5+$I$6*D6+D3*$D$38)*3 -> 0 | E10: =($I$4*E4+$I$5*E5+$I$6*E6+E3*$D$38)*3 -> 0 | F10: =($I$4*F4+$I$5*F5+$I$6*F6+F3*$D$38)*3 -> 0 | G10: =($I$4*G4+$I$5*G5+$I$6*G6+G3*$D$38)*3 -> 0
A11: Prix/famille | C11: =C10/'Suivi tournoi fin de saison'!$B$39 -> 0 | D11: =D10/'Suivi tournoi fin de saison'!$B$39 -> 0 | E11: =E10/'Suivi tournoi fin de saison'!$B$39 -> 0 | F11: =F10/'Suivi tournoi fin de saison'!$B$39 -> 0 | G11: =G10/'Suivi tournoi fin de saison'!$B$39 -> 0
A12: Prix/famille (recettes plateaux déduites) | C12: =IF(ISBLANK(C3),"",(C10-'Suivi tournoi fin de saison'!$I$11)/'Suivi tournoi fin de saison'!$B$39) | D12: =IF(ISBLANK(D3),"",(D10-'Suivi tournoi fin de saison'!$I$11)/'Suivi tournoi fin de saison'!$B$39) | E12: =IF(ISBLANK(E3),"",(E10-'Suivi tournoi fin de saison'!$I$11)/'Suivi tournoi fin de saison'!$B$39) | F12: =IF(ISBLANK(F3),"",(F10-'Suivi tournoi fin de saison'!$I$11)/'Suivi tournoi fin de saison'!$B$39) | G12: =IF(ISBLANK(G3),"",(G10-'Suivi tournoi fin de saison'!$I$11)/'Suivi tournoi fin de saison'!$B$39)

Sheet LESPIGNAN (34)
C1: GRIMAUD
B2: Nb de mobil-home | C2: Cap Fun LOU VILLAGE | D2: Sandaya Les Vagues | E2: Le Mas Des Lavandes | F2: ALOA Le Clos Virgile | G2: LE BELLEVUE
A3: Taxe de séjour | C3: 1.1
A4: Nuitée Mobil 2-3 Pers. | B4: =COUNTIF('Suivi tournoi fin de saison'!$C$1:$C$33,3)+COUNTIF('Suivi tournoi fin de saison'!$C$1:$C$33,2) -> 7 | C4: 121
A5: Nuitée Mobil 4 Pers. | B5: =COUNTIF('Suivi tournoi fin de saison'!$C$1:$C$33,4) -> 11 | C5: 131
A6: Nuitée Mobil 5-6 Pers. | B6: =COUNTIF('Suivi tournoi fin de saison'!$C$1:$C$33,5) -> 2 | C6: 168
A7: Prix total 2 nuitées | C7: =($B$4*C4+$B$5*C5+$B$6*C6+C3*'Suivi tournoi fin de saison'!$D$38)*2 -> 5327.2 | D7: =($I$4*D4+$I$5*D5+$I$6*D6+D3*$D$38)*2 -> 0 | E7: =($I$4*E4+$I$5*E5+$I$6*E6+E3*$D$38)*2 -> 0 | F7: =($I$4*F4+$I$5*F5+$I$6*F6+F3*$D$38)*2 -> 0 | G7: =($I$4*G4+$I$5*G5+$I$6*G6+G3*$D$38)*2 -> 0
A8: Prix/famille | C8: =C7/'Suivi tournoi fin de saison'!$B$39 -> 266.36 | D8: =D7/'Suivi tournoi fin de saison'!$B$39 -> 0 | E8: =E7/'Suivi tournoi fin de saison'!$B$39 -> 0 | F8: =F7/'Suivi tournoi fin de saison'!$B$39 -> 0 | G8: =G7/'Suivi tournoi fin de saison'!$B$39 -> 0
A9: Prix/famille (recettes plateaux déduites) | C9: =IF(ISBLANK(C3),"",C7-'Suivi tournoi fin de saison'!$I$11)/'Suivi tournoi fin de saison'!$B$39 -> 261.21 | D9: =IF(ISBLANK(D3),"",(D7-'Suivi tournoi fin de saison'!$I$11)/'Suivi tournoi fin de saison'!$B$39) | E9: =IF(ISBLANK(E3),"",(E7-'Suivi tournoi fin de saison'!$I$11)/'Suivi tournoi fin de saison'!$B$39) | F9: =IF(ISBLANK(F3),"",(F7-'Suivi tournoi fin de saison'!$I$11)/'Suivi tournoi fin de saison'!$B$39) | G9: =IF(ISBLANK(G3),"",(G7-'Suivi tournoi fin de saison'!$I$11)/'Suivi tournoi fin de saison'!$B$39)
A10: Prix total 3 nuitées | C10: =($B$4*C4+$B$5*C5+$B$6*C6+C3*'Suivi tournoi fin de saison'!$D$38)*3 -> 7990.8 | D10: =($B$4*D4+$B$5*D5+$B$6*D6+D3*'Suivi tournoi fin de saison'!$D$38)*3 -> 0 | E10: =($B$4*E4+$B$5*E5+$B$6*E6+E3*'Suivi tournoi fin de saison'!$D$38)*3 -> 0 | F10: =($B$4*F4+$B$5*F5+$B$6*F6+F3*'Suivi tournoi fin de saison'!$D$38)*3 -> 0 | G10: =($B$4*G4+$B$5*G5+$B$6*G6+G3*'Suivi tournoi fin de saison'!$D$38)*3 -> 0
A11: Prix/famille | C11: =C10/'Suivi tournoi fin de saison'!$B$39 -> 399.54 | D11: =D10/'Suivi tournoi fin de saison'!$B$39 -> 0 | E11: =E10/'Suivi tournoi fin de saison'!$B$39 -> 0 | F11: =F10/'Suivi tournoi fin de saison'!$B$39 -> 0 | G11: =G10/'Suivi tournoi fin de saison'!$B$39 -> 0
A12: Prix/famille (recettes plateaux déduites) | C12: =IF(ISBLANK(C3),"",C10-'Suivi tournoi fin de saison'!$I$11)/'Suivi tournoi fin de saison'!$B$39 -> 394.39 | D12: =IF(ISBLANK(D3),"",(D10-'Suivi tournoi fin de saison'!$I$11)/'Suivi tournoi fin de saison'!$B$39) | E12: =IF(ISBLANK(E3),"",(E10-'Suivi tournoi fin de saison'!$I$11)/'Suivi tournoi fin de saison'!$B$39) | F12: =IF(ISBLANK(F3),"",(F10-'Suivi tournoi fin de saison'!$I$11)/'Suivi tournoi fin de saison'!$B$39) | G12: =IF(ISBLANK(G3),"",(G10-'Suivi tournoi fin de saison'!$I$11)/'Suivi tournoi fin de saison'!$B$39)
